 Dungeon Crawl Stone Soup version 0.17-a0-2198-g482c6e3 (webtiles) character file.

53 Eptagon the Sneak (level 3, -2/16 HPs)
             Began as a Vine Stalker Enchanter on Oct 26, 2015.
             Slain by a gnoll
             ... wielding a +0 flail
              (11 damage)
             ... on level 2 of the Dungeon.
             The game lasted 00:04:37 (989 turns).

Eptagon the Sneak (Vine Stalker Enchanter)           Turns: 989, Time: 00:04:37

Health: -2/16      AC:  6    Str: 10    XL:     3   Next: 89%
Magic:  0/8        EV: 12    Int: 15    God:
Gold:   53         SH:  0    Dex: 15    Spells: 3 memorised, 1 level left

rFire  . . .     SeeInvis .     a - +1 dagger
rCold  . . .     Clarity  .     i - +2 robe {MR+}
rNeg   . . .     SustAt   .     (no shield)
rPois  .         Gourm    .     (no helmet)
rElec  .         Spirit   +     (no cloak)
rCorr  .         Warding  .     j - +1 pair of gloves
rMut   .         Stasis   .     (no boots)
MR     +....                    (no amulet)
Stlth  +++.......               (no ring)
                                (no ring)

@: very slightly contaminated, somewhat resistant to hostile enchantments,
fairly stealthy
A: fangs 2, regeneration 1, magic shield, antimagic bite, no device heal 3, rot
immunity
a: no special abilities


You were on level 2 of the Dungeon.
You were very hungry.

You visited 1 branch of the dungeon, and saw 2 of its levels.

You collected 53 gold pieces.

Inventory:

Hand Weapons
 a - a +1 dagger (weapon)
Armour
 i - a +2 robe of magic resistance (worn)
 j - a +1 pair of gloves (worn)
Scrolls
 g - a scroll of identify {unknown}
Potions
 b - 2 potions of might {unknown}
 e - 2 potions of flight {unknown}
 f - a potion of magic {unknown}
 h - a potion of curing {unknown}
Books
 c - a book of Maledictions

   Spells                             Type                      Level
   a - Corona                         Hexes                        1
   b - Ensorcelled Hibernation        Hexes/Ice                    2
   c - Confuse                        Hexes                        3
   d - Tukima's Dance                 Hexes                        3
   e - Dazzling Spray                 Conjuration/Hexes            3
Comestibles
 d - 4 bread rations


   Skills:
 - Level 0.8 Short Blades
 - Level 1.5 Dodging
 + Level 4.5 Stealth
 + Level 2.7 Spellcasting
 * Level 3.8 Hexes


You had one spell level left.
You knew the following spells:

 Your Spells              Type           Power        Failure   Level  Hunger
a - Ensorcelled Hibernat  Hex/Ice        #.....       14%         2    ##.....
c - Confuse               Hex            ##......     14%         3    ###....
Z - Corona                Hex            ##.....      4%          1    #......


Dungeon Overview and Level Annotations

Branches:
Dungeon (2/15)

Altars:


Innate Abilities, Weirdness & Mutations

You have extremely sharp teeth.
Your natural rate of healing is unusually fast.
When hurt, damage is shared between your health and your magic reserves.
Your bite disrupts and absorbs the magic of your enemies.
Potions and wands cannot restore your health.
You are immune to rotting.


Message History

Confirm with . or Enter, or press ? or * to list all spells.
Aiming: Ensorcelled Hibernation
Press: ? - help, Shift-Dir - straight line, f/p - gnoll
Aim: a gnoll, wielding a flail (chance to defeat MR: 48%)
You miscast Ensorcelled Hibernation.
You are very lightly contaminated with residual magic.
You feel off-balance for a moment.
You are feeling very hungry.
The gnoll hits you with a flail!
Ouch! That really hurt!
Casting: Ensorcelled Hibernation
Confirm with . or Enter, or press ? or * to list all spells.
Aiming: Ensorcelled Hibernation
Press: ? - help, Shift-Dir - straight line, f/p - gnoll
Aim: a gnoll, wielding a flail (chance to defeat MR: 48%)
You miscast Ensorcelled Hibernation.
You hear a crackling sound.
The gnoll hits you with a flail!
Ouch! That really hurt!
You die...

...# ##.....# ...# #....... ...#
#..>.... ##.# ######## #...)...
#.# #......# #.......
#.######......## #...>...
#.....##.......# #.......
#####..รท.......##### ##.....#
####..##.#.@gS.### #......
##.##.#####...#####)####.
########.##.## ###..#....# #..
##.....##.....## ##......##?.#
##..............## ##......##.#
#...[............####....##....
#......................##...##..
#.........................####
.. #.........<............#### #


You could see a gnoll and an adder.

Vanquished Creatures
  2 gnolls (D:2)
  An adder (D:2)
  2 bats (D:1)
  6 hobgoblins
  4 giant newts (D:1)
  4 goblins
  3 kobolds (D:1)
  4 rats (D:1)
26 creatures vanquished.

Notes
Turn   | Place    | Note
--------------------------------------------------------------
     0 | D:1      | Eptagon the Vine Stalker Enchanter began the quest for the Orb.
     0 | D:1      | Reached XP level 1. HP: 9/9 MP: 4/4
    98 | D:1      | Reached XP level 2. HP: 13/13 MP: 6/6
   244 | D:1      | Reached skill level 4 in Stealth
   260 | D:1      | Learned a level 2 spell: Ensorcelled Hibernation
   650 | D:2      | Reached XP level 3. HP: 16/16 MP: 0/7
   782 | D:2      | Learned a level 3 spell: Confuse
   989 | D:2      | Slain by a gnoll

Vault maps used:
D:1:      saegor_arrival_simple_e, kennysheep_boxes

Action                   || total
-------------------------++-------
Melee: Dagger            ||    64
 Cast: Ensorcelled Hiber ||    10
 Stab: Sleeping          ||    12
